 Dungeon Crawl Stone Soup version 0.28-a0-987-g8383568036 (webtiles) character file.

Game seed: 4051451231448922940

7240 Htamos the Impaler (level 11, -17/202 HPs)
             Began as a Merfolk Berserker on Dec 4, 2021.
             Was a Believer of Trog.
             Demolished by a freezing wraith (19 damage)
             ... on level 10 of the Dungeon.
             The game lasted 00:16:10 (11766 turns).

Htamos the Impaler (Merfolk Berserker)             Turns: 11766, Time: 00:16:11

Health: -17/202    AC: 25    Str: 18    XL:     11   Next: 12%
Magic:  11/11      EV:  2    Int:  7    God:    Trog [**....]
Gold:   384        SH:  0    Dex: 17    Spells: 10/10 levels left

rFire   + . .      SeeInvis +   o - +2 halberd
rCold   . . .      Faith    .   (shield currently unavailable)
rNeg    . . .      Spirit   .   (armour currently unavailable)
rPois   +          Reflect  .   (helmet currently unavailable)
rElec   .          Harm     .   (cloak currently unavailable)
rCorr   .          Rampage  .   (gloves currently unavailable)
Will    ++...      NoTele   +   (boots currently unavailable)
Stlth   ..........              (no amulet)
HPRegen 1.43/turn               f - ring of see invisible
MPRegen 0.12/turn               s - ring of protection from fire

@: berserking, tree-form, strong-willed (expiring), regenerating (expiring),
slowed
A: stationary, stasis, torment immunity, boosted hp, (nimble swimmer 2),
(mertail)
a: Renounce Religion, Berserk, Trog's Hand


You were on level 10 of the Dungeon.
You worshipped Trog.
Trog was pleased with you.
You were a tree.
You visited 1 branch of the dungeon, and saw 10 of its levels.

You collected 384 gold pieces.

Inventory:

Hand Weapons
 a - a +0 spear
 o - a +2 halberd (weapon)
 u - a +1 spear of freezing
Missiles
 A - 18 boomerangs of dispersal (quivered)
 D - 5 poisoned darts
Armour
 b - a +0 animal skin
 k - a +0 scale mail
 x - a +1 cloak (melded)
 y - a +0 chain mail
 C - +0 steam dragon scales
 E - a +0 plate armour (melded)
Jewellery
 f - a ring of see invisible (left branch)
 j - the amulet of the Air {Inacc Air Fly rElec RMsl}
   (You found it on level 8 of the Dungeon)

   [amulet of nothing]

   It reduces the accuracy of all your attacks.
   It enhances your air magic.
   rElec:     It insulates you from electricity.
   Fly:       It grants you flight.
   RMsl:      It protects you from missiles.
 p - a ring of positive energy
 s - a ring of protection from fire (right branch)
Wands
 n - a wand of iceblast (12)
 v - a wand of paralysis (8)
Scrolls
 w - a scroll of fog
 z - 2 scrolls of identify {@rr}
 B - a scroll of noise {unknown}
Potions
 c - a potion of mutation
 d - a potion of degeneration {unknown}
 e - a potion of flight {unknown}
 g - a potion of invisibility {unknown}
 h - a potion of berserk rage
 i - 2 potions of curing {unknown}
 l - 2 potions of magic {unknown}
 m - 3 potions of lignification
 q - a potion of attraction
 r - a potion of cancellation {unknown}
 t - a potion of heal wounds {unknown}


   Skills:
 + Level 9.7 Fighting
 * Level 16.7 Polearms
 + Level 2.6 Armour
 + Level 11.1 Dodging


You had 10 spell levels left.
You didn't know any spells.
Your spell library was empty.

Dungeon Overview and Level Annotations

Branches:
Dungeon (10/15)            Temple (0/1) D:5            Lair (0/6) D:9
    Orc: D:9-12

Altars:
Nemelex Xobeh
Vehumet
Xom
Zin
Beogh

Shops:
D:2 (   D:3 :

Annotations:
D:4 3 runed translucent doors, Stonecrops's ghost, amateur DsBe
D:7 Joseph


Innate Abilities, Weirdness & Mutations

You are a tree.
Your roots penetrate the ground, keeping you stationary.
You cannot be teleported.
You are immune to unholy pain and torment.
Your maximum health is greatly increased.
Your equipment is partially melded.
((You are quick and stealthy near water. (Stealth+, EV+, Speed+++)))
((Your lower body shifts to a powerful aquatic tail in water.))


Message History

* * * LOW HITPOINT WARNING * * *
The freezing wraith hits you but does no damage.
The freezing wraith hits you.
* * * LOW HITPOINT WARNING * * *
The freezing wraith drains your vigour!
You feel yourself slow down.
Unknown command.
It was a potion of berserk rage.
A red film seems to cover your vision as you go berserk!
You feel yourself moving faster!
You feel mighty!
The centaur warrior shoots an arrow.
The arrow hits you!
* * * LOW HITPOINT WARNING * * *
The centaur warrior shoots an arrow.
The arrow hits you!
* * * LOW HITPOINT WARNING * * *
The freezing wraith hits you but does no damage.
The freezing wraith hits you.
* * * LOW HITPOINT WARNING * * *
The centaur warrior shoots an arrow.
The arrow hits you!
* * * LOW HITPOINT WARNING * * *
Unknown command.
You are too berserk!
You are too berserk!
You hit the freezing wraith.
The freezing wraith is lightly damaged.
The freezing wraith hits you but does no damage. x2
You closely miss the freezing wraith.
The freezing wraith is lightly damaged.
The centaur warrior unwields a +0 longbow.
The centaur warrior hits you but does no damage.
The centaur warrior kicks you but does no damage.
You hit the freezing wraith but do no damage.
The freezing wraith is lightly damaged.
The freezing wraith hits you but does no damage. x2
You slash the freezing wraith!
The freezing wraith is moderately damaged.
The centaur warrior hits you but does no damage.
The centaur warrior kicks you but does no damage.
The freezing wraith hits you!
* * * LOW HITPOINT WARNING * * *
The freezing wraith freezes you!!
You die...

#.........#...# .....
######'######..# .....
#<.........<#..#
.$...##...........##.#
......#>.........>#.)#
......######+######..#
....(.. #...#
......W## ##..##
#.....c♣# #...#
........## ##...#
....#....# #....# ...
#.#..## ##..#.# .
#.#...# #.....#
....##..## ##....##
....##...# #.....#
..........###....##
.....##....#....##


You could see a centaur warrior and a freezing wraith.

Vanquished Creatures
  A centaur warrior (D:10)
  Pikel (D:5)
  A deep elf pyromancer (D:10)
  A manticore (D:10)
  A queen bee (shapeshifter) (D:10)
  A shadow (D:9)
  A wyvern (D:8)
  A wraith (D:9)
  Eustachio (D:5)
  2 steam dragons
  2 vampire mosquitoes
  Menkaure (D:5)
  A water moccasin (D:6)
  3 orc warriors (D:9)
  An ice beast (D:8)
  A sky beast (D:6)
  2 black bears (D:5)
  7 ogres
  5 centaurs
  2 lemures (D:5)
  3 phantoms
  6 kobold brigands
  A wyvern zombie (D:9)
  A water moccasin zombie (D:5)
  4 scorpions
  2 bullfrogs (D:6)
  4 killer bees (D:8)
  4 wights (D:8)
  A centaur zombie (D:9)
  5 orc priests
  A bullfrog skeleton (D:6)
  5 gnoll shamans
  A hound (D:7)
  3 iguanas
  3 orc wizards
  Terence (D:3)
  A killer bee zombie (D:8)
  A hound skeleton (D:4)
  A howler monkey zombie (D:5)
  11 gnolls
  6 adders
  A shadow imp (D:6)
  2 worms (D:3)
  4 dart slugs
  19 orcs
  6 ball pythons
  5 endoplasms
  2 goblins
  4 hobgoblins
  8 jackals
  4 quokkas
  3 bats
  2 frilled lizards (D:2)
  12 kobolds
  3 rats
176 creatures vanquished.

Vanquished Creatures (others)
  6 fungi (D:9)
  13 plants (D:9)
19 creatures vanquished.

Grand Total: 195 creatures vanquished

Notes
Turn   | Place    | Note
-------+----------+-------------------------------------------
     0 | D:1      | Htamos the Merfolk Berserker began the quest for the Orb.
     0 | D:1      | Reached XP level 1. HP: 18/18 MP: 1/1
   135 | D:1      | Reached XP level 2. HP: 23/24 MP: 2/2
   658 | D:2      | Reached skill level 5 in Polearms
   873 | D:2      | Found Gettiz's Antique Weapon Emporium.
   908 | D:2      | Reached XP level 3. HP: 29/29 MP: 3/3
  1348 | D:2      | Reached XP level 4. HP: 13/37 MP: 4/4
  1686 | D:3      | Found Heduilet's Book Boutique.
  1721 | D:3      | Noticed Terence
  1728 | D:3      | Killed Terence
  1729 | D:3      | Reached skill level 6 in Polearms
  1777 | D:3      | Reached ** piety under Trog
  1964 | D:3      | Reached XP level 5. HP: 42/42 MP: 5/5
  2181 | D:3      | Reached skill level 7 in Polearms
  2522 | D:4      | Reached XP level 6. HP: 41/49 MP: 6/6
  2793 | D:4      | Reached skill level 8 in Polearms
  2793 | D:4      | Reached skill level 5 in Dodging
  3117 | D:4      | Reached skill level 5 in Fighting
  3117 | D:4      | Reached XP level 7. HP: 56/56 MP: 7/7
  3246 | D:4      | Found a runed translucent gate.
  3246 | D:4      | Noticed Stonecrops's ghost (amateur DsBe)
  3262 | D:4      | Found a runed translucent gate.
  3599 | D:4      | Found a runed translucent gate.
  4000 | D:5      | Entered Level 5 of the Dungeon
  4016 | D:5      | Reached skill level 9 in Polearms
  4247 | D:5      | Noticed Menkaure
  4255 | D:5      | Killed Menkaure
  4460 | D:5      | Found a staircase to the Ecumenical Temple.
  4621 | D:5      | Reached skill level 10 in Polearms
  4621 | D:5      | Reached XP level 8. HP: 64/64 MP: 8/8
  4757 | D:5      | Noticed Pikel
  4777 | D:5      | Killed Pikel
  4778 | D:5      | Reached skill level 11 in Polearms
  5327 | D:5      | Noticed Eustachio
  5339 | D:5      | Killed Eustachio
  5618 | D:6      | Reached skill level 12 in Polearms
  5618 | D:6      | Reached XP level 9. HP: 71/71 MP: 9/9
  6327 | D:6      | Reached skill level 13 in Polearms
  6802 | D:6      | Found a glowing silver altar of Zin.
  6802 | D:6      | Found a sparkling altar of Nemelex Xobeh.
  6803 | D:6      | Found a radiant altar of Vehumet.
  7323 | D:7      | Noticed Joseph
  7803 | D:8      | Found the amulet of the Air {Inacc Air Fly rElec RMsl}
  7858 | D:8      | Reached skill level 14 in Polearms
  7999 | D:8      | Reached XP level 10. HP: 80/80 MP: 10/10
  8102 | D:8      | Found a shimmering altar of Xom.
  8842 | D:9      | Found a staircase to the Lair.
  9608 | D:9      | Reached skill level 15 in Polearms
  9757 | D:9      | Reached skill level 10 in Dodging
 11226 | D:10     | Entered Level 10 of the Dungeon
 11239 | D:10     | Noticed a deep elf pyromancer
 11254 | D:10     | Killed a deep elf pyromancer
 11255 | D:10     | Reached skill level 16 in Polearms
 11414 | D:10     | Noticed a centaur warrior
 11422 | D:10     | Killed a centaur warrior
 11423 | D:10     | Reached XP level 11. HP: 84/89 MP: 11/11
 11574 | D:10     | Noticed a manticore
 11585 | D:10     | Killed a manticore
 11755 | D:10     | Noticed a centaur warrior
 11762 | D:10     | HP: 5/202 [centaur warrior/arrow (9)]
 11766 | D:10     | HP: 2/202 [freezing wraith (7)]
 11766 | D:10     | Demolished by a freezing wraith

Illustrated notes

Levels and vault maps discovered:
D:1:      dpeg_arrival_rooms_c, layout_loops_ring
D:2:      layout_loops_ring, serial_shops, shop
D:3:      layout_basic, serial_shops, nicolae_shop_crystal, uniq_terence
D:4:      layout_gridville, biasface_ghost_orc_armoury
D:5:      layout_basic, temple_fountains, uniq_pikel, uniq_eustachio,
          uniq_menkaure
D:6:      layout_loops_ring, gammafunk_temple_overflow_forgotten,
          kennysheep_pointless_box
D:7:      layout_gridville, uniq_joseph
D:8:      layout_basic, general_overflow_altar
D:9:      kennysheep_seaside_town, layout_loops_corners, lair_entry_dummy,
          minmay_unpleasant_kobolds
D:10:     minmay_diamond_stairs, layout_basic

Skill      XL: |  1  2  3  4  5  6  7  8  9 10 |
---------------+-------------------------------+-----
Dodging        | 3 4 5 6 7 9 11 | 11.1
Polearms       | 5 6 7 8 10 12 14 16 | 16.7
Fighting       | 4 5 6 8 9 |  9.7
Armour         | 2 |  2.6

Action                   |  1- 3 |  4- 6 |  7- 9 | 10-12 || total
-------------------------+-------+-------+-------+-------++-------
Melee: Spear             |    87 |   167 |   396 |   194 ||   844
       Halberd           |       |     4 |    54 |   113 ||   171
Invok: Berserk           |     1 |     9 |    14 |    11 ||    35
       Trog's Hand       |       |       |     2 |     2 ||     4
  Use: Scroll            |       |       |    10 |       ||    10
       Potion            |       |       |       |     4 ||     4
 Stab: Sleeping          |     3 |     1 |       |       ||     4
Armor: Animal skin       |     7 |     4 |       |       ||    11
       Scale mail        |       |    19 |    84 |     2 ||   105
       Chain mail        |       |       |       |    57 ||    57
       Skin              |       |       |       |    27 ||    27
       Plate armour      |       |       |       |    20 ||    20
Dodge: Dodged            |    31 |    42 |   176 |    87 ||   336

Table legend: (Time is in decaauts)
 A = Elapsed time spent in this place.
 B = Non-inter-level travel time spent in this place.
 C = Inter-level travel time spent in this place.
 D = Time resting spent in this place.
 E = Time spent auto-exploring this place.
 F = Levels seen in this place.
 G = Mean time per level.
                   A        B        C        D        E       F      G
               +--------+--------+--------+--------+--------+-----+--------+
         Total |  11756 |  11375 |    381 |   2541 |   7122 |  10 | 1175.6 |
       Dungeon |  11756 |  11375 |    381 |   2541 |   7122 |  10 | 1175.6 |
               +--------+--------+--------+--------+--------+-----+--------+

Top non-repeatable levels by time:
     D:9: 2410 daAuts
     D:4: 1617 daAuts
     D:5: 1585 daAuts
     D:8: 1471 daAuts
     D:6: 1467 daAuts
     D:2: 1023 daAuts
     D:3: 769 daAuts
     D:1: 642 daAuts
    D:10: 487 daAuts
     D:7: 281 daAuts
